Map: Orbital Shipyard

Players

Grumm

  • Race: Zerg Zerg
  • League: Gold

husudeng - Winner!

  • Race: Protoss Protoss
  • League: Gold

VOD

Have the link to the VOD?

Description

Time

  • Played on: Jan. 13, 2016, 2:44 a.m.
  • Length: 25:36
Show
View Real Time Build Order
Export as new Build Order

Grumm Zerg 

Build Orders: Hatch First 

Get SALT Encoding   

  12  0:02  Drone  
  13  0:30  Hatchery  
  13  0:35  Drone  
  13  0:42  Overlord  
  13  0:53  Drone  
  14  1:04  Spawning Pool  
  14  1:08  Drone  
  14  1:13  Drone  
  15  1:28  Drone x2  
  17  1:53  Queen  
  19  1:58  Hatchery  
  18  2:01  Drone x2  
  20  2:10  Zergling x6  
  23  2:21  Queen  
  25  2:25  Drone  
  25  2:27  Drone  
  27  2:43  Overlord  
  27  2:44  Drone  
  27  2:47  Overlord  
  27  2:50  Extractor  
  27  2:53  Extractor  
  27  2:54  Extractor  
  27  2:57  Roach Warren  
  24  3:01  Evolution Chamber  
  24  3:02  Drone  
  21  3:22  Zergling x14  
  25  3:39  Zergling x2  
  25  3:40  Zergling x8  
  28  3:58  Overlord  
  28  3:59  Zergling x2  
  28  4:00  Zergling x4  
  31  4:09  Drone  
  32  4:10  Drone  
  33  4:33  Spine Crawler  
  33  4:36  Metabolic Boost  
  24  5:30  Roach  
  24  5:31  Roach x4  
  28  5:50  Drone x3  
  28  5:51  Drone  
  32  6:13  Drone x3  
  32  6:16  Drone  
  36  6:33  Drone x4  
  40  6:48  Drone  
  40  6:49  Drone x4  
  45  7:00  Evolution Chamber  
  44  7:02  Spore Crawler  
  44  7:04  Spore Crawler  
  42  7:21  Roach  
  42  7:22  Roach x4  
  52  7:32  Zergling x8  
  52  7:33  Zergling x2  
  57  7:41  Overlord  
  57  7:47  Spine Crawler  
  57  7:50  Spine Crawler  
  57  7:51  Roach  
  49  8:25  Roach x8  
  65  8:32  Zerg Melee Weapons Level 1  
  65  8:41  Drone  
  66  8:42  Overlord  
  66  8:43  Overlord  
  66  8:47  Spore Crawler  
  65  9:13  Drone x9  
  74  9:32  Overlord  
  74  9:33  Queen  
  76  9:39  Lair  
  76  9:42  Zerg Missile Weapons Level 1  
  76  9:50  Drone  
  76  9:51  Drone x9  
  76  9:52  Drone  
  87  9:55  Extractor  
  87  9:57  Extractor  
  85  10:22  Drone x5  
  85  10:23  Overlord x2  
  90  10:37  Hydralisk Den  
  90  10:41  Nydus Network  
  88  10:46  Overlord x2  
  88  10:47  Zergling x2  
  88  10:48  Zergling x24  
  101  10:52  Zerg Ground Armor Level 1  
  101  10:54  Glial Reconstitution  
  101  10:59  Evolution Chamber  
  100  11:31  Overseer  
  100  11:34  Hydralisk  
  100  11:35  Hydralisk x10  
  100  11:36  Overlord  
  100  11:37  Overlord  
  122  11:51  Overlord x2  
  122  11:55  Extractor  
  122  11:59  Muscular Augments  
  121  12:23  Pneumatized Carapace  
  118  12:57  Zergling x2  
  118  12:58  Zergling x22  
  122  13:12  Lurker Den  
  120  13:17  Ravager x2  
  120  13:19  Hydralisk  
  124  13:20  Hydralisk x4  
  124  13:23  Hydralisk  
  134  13:56  Zergling x2  
  134  13:57  Zergling x24  
  147  14:25  Overseer  
  147  14:31  Overlord x3  
  147  14:37  Spire  
  146  14:48  Nydus Canal  
  146  14:49  Overseer  
  130  15:50  Nydus Canal  
  130  16:00  Hydralisk  
  130  16:01  Hydralisk x20  
  167  16:25  Nydus Canal  
  142  17:09  Lurker  
  87  17:41  Zergling x10  
  87  17:42  Zergling x2  
  91  18:46  Lurker  
  91  18:47  Lurker  
  93  18:52  Zergling x2, Hatchery  
  93  18:53  Zergling x20  
  103  19:17  Extractor  
  102  20:10  Hatchery  
  88  20:39  Zergling x20  
  88  20:40  Zergling x18  
  61  21:16  Zergling x2  
  61  21:17  Zergling x10  
  50  21:46  Zergling x16  
  54  21:57  Roach x2  
  34  22:25  Zergling x6  
  15  23:25  Roach  
  15  23:26  Roach x10  
  30  24:19  Hatchery  
  29  24:28  Hatchery  
Show
View Real Time Build Order
Export as new Build Order

husudeng Protoss - Winner!

Build Orders:  

Get SALT Encoding   

  12  0:01  Probe (Chrono Boost)  
  13  0:12  Probe (Chrono Boost)  
  14  0:24  Pylon  
  14  0:25  Probe (Chrono Boost)  
  15  0:42  Probe (Chrono Boost)  
  16  0:44  Gateway  
  16  0:52  Probe (Chrono Boost)  
  16  0:53  Assimilator  
  17  1:02  Pylon  
  17  1:03  Probe (Chrono Boost)  
  18  1:13  Probe (Chrono Boost)  
  19  1:25  Gateway  
  19  1:33  Cybernetics Core  
  19  1:36  Probe (Chrono Boost)  
  19  1:39  Assimilator  
  20  1:46  Probe (Chrono Boost)  
  21  1:55  Pylon  
  21  1:58  Probe (Chrono Boost)  
  22  2:09  Probe (Chrono Boost)  
  22  2:13  Adept x2  
  27  2:19  Probe (Chrono Boost), Warp Gate (Chrono Boost)  
  28  2:31  Mothership Core  
  30  2:52  Probe  
  30  2:53  Nexus  
  30  2:57  Zealot  
  29  4:03  Pylon  
  29  4:05  Probe  
  30  4:14  Pylon  
  30  4:17  Probe  
  30  4:22  Probe  
  32  4:27  Zealot x2  
  32  4:28  Probe  
  37  4:34  Probe  
  37  4:37  Pylon  
  38  4:38  Probe  
  38  4:39  Gateway  
  38  4:40  Gateway  
  38  4:44  Assimilator  
  39  4:46  Probe  
  39  4:48  Stalker x2  
  39  4:49  Probe  
  45  5:02  Pylon  
  45  5:03  Robotics Facility  
  34  5:41  Probe  
  35  5:49  Probe  
  35  5:53  Probe  
  37  6:00  Gateway, Probe  
  38  6:05  Probe  
  38  6:07  Observer  
  38  6:10  Probe  
  40  6:17  Probe  
  40  6:18  Stalker x3  
  44  6:20  Stalker  
  50  6:26  Gateway  
  50  6:29  Probe  
  50  6:30  Twilight Council  
  51  6:33  Pylon  
  51  6:39  Probe  
  51  6:41  Probe  
  51  6:45  Gateway  
  53  6:49  Probe  
  53  6:53  Probe  
  55  6:55  Zealot x2  
  59  7:02  Probe  
  60  7:10  Assimilator  
  60  7:13  Probe  
  61  7:39  Charge  
  61  7:47  Templar Archives  
  61  7:57  Nexus  
  59  8:24  Stalker  
  59  8:25  Stalker x4  
  67  8:33  Psionic Storm, Immortal (Chrono Boost)  
  71  8:43  Stargate  
  71  8:47  Pylon  
  71  9:08  Probe  
  72  9:10  Probe  
  72  9:14  Assimilator  
  73  9:20  Probe x2  
  75  9:29  High Templar x3  
  75  9:30  High Templar  
  75  9:31  Probe  
  83  9:32  Probe  
  85  9:41  Probe  
  85  9:44  Probe  
  87  9:52  Probe  
  87  9:53  Fleet Beacon  
  87  9:56  Probe  
  87  9:59  Assimilator  
  89  10:02  Probe  
  90  10:07  Stalker x2  
  90  10:08  Probe  
  90  10:09  Stalker x2  
  90  10:13  Probe  
  99  10:17  Forge  
  99  10:20  Probe  
  101  10:22  Forge  
  101  10:32  Probe  
  101  10:34  Zealot  
  101  10:35  Zealot x3  
  110  10:36  Zealot x2  
  110  10:37  Zealot  
  116  10:58  Pylon  
  116  11:16  Nexus  
  116  11:26  Stalker x2  
  116  11:27  Stalker x2  
  124  11:34  Pylon x2  
  124  11:38  Pylon  
  124  11:40  Protoss Ground Weapons Level 1 (Chrono Boost)  
  124  11:45  Graviton Catapult  
  124  11:48  Protoss Ground Armor Level 1 (Chrono Boost)  
  124  11:51  Carrier  
  130  11:56  Pylon  
  130  11:58  Pylon  
  130  12:00  Pylon  
  130  12:03  Pylon  
  130  12:06  Pylon  
  130  12:14  Zealot x4  
  130  12:15  Zealot x3  
  144  12:30  Probe  
  145  12:40  Probe  
  145  12:41  Zealot  
  148  12:50  Zealot  
  148  12:51  Zealot x3  
  137  13:14  Probe  
  137  13:18  Probe  
  139  13:21  Photon Cannon  
  139  13:24  Probe  
  139  13:25  Photon Cannon  
  140  13:27  Photon Cannon  
  140  13:28  Assimilator, Probe  
  140  13:33  Carrier  
  147  13:35  Probe  
  147  13:39  Protoss Shields Level 1 (Chrono Boost)  
  148  13:43  Robotics Bay  
  148  13:50  Observer  
  149  14:05  High Templar x3  
  149  14:06  High Templar  
  157  14:11  Nexus  
  157  14:20  Probe  
  158  14:26  Photon Cannon  
  158  14:31  Probe  
  158  14:35  Probe  
  160  14:38  Pylon  
  160  14:42  Probe  
  160  14:45  Stargate  
  161  14:47  Stargate  
  161  14:49  Stalker  
  161  14:52  Probe  
  163  14:53  Zealot  
  163  14:55  Zealot  
  166  15:16  Zealot x3  
  166  15:17  Zealot x3  
  171  15:31  Stalker  
  173  15:41  Assimilator  
  173  15:49  Photon Cannon  
  173  15:55  Stalker  
  173  15:56  Stalker  
  177  16:10  Carrier  
  183  16:26  Probe  
  183  16:31  Probe  
  178  16:37  Probe  
  171  16:42  Probe  
  160  16:47  Probe  
  160  16:52  Probe  
  111  17:45  Probe  
  111  17:49  Assimilator  
  111  17:55  Probe  
  111  17:56  Fleet Beacon  
  111  18:06  Probe  
  108  18:41  Robotics Bay  
  108  18:44  Cybernetics Core  
  108  19:09  Pylon  
  108  19:11  Pylon  
  108  19:12  Pylon  
  108  19:25  Probe  
  108  19:27  Pylon  
  109  19:36  Pylon, Probe  
  110  19:40  Pylon  
  110  19:46  Probe  
  111  19:53  Probe  
  111  19:57  Probe  
  113  20:00  Pylon  
  113  20:03  Probe  
  114  20:07  Probe  
  114  20:14  Probe  
  108  20:37  Nexus  
  76  20:53  Probe  
  77  21:03  Stargate  
  77  21:06  Pylon  
  73  21:33  Zealot x3  
  71  21:52  Carrier (Chrono Boost)  
  77  21:54  Zealot  
  79  22:11  Nexus  
  79  22:14  Gateway  
  68  22:40  Gateway  
  68  22:47  Assimilator  
  59  23:35  Probe  
  60  23:47  Probe  
  67  23:56  Carrier (Chrono Boost)  
  67  23:59  Probe  
  68  24:17  Zealot  
  68  24:18  Zealot  
  72  24:37  Gateway  
  72  24:44  Gateway  
  72  24:50  Pylon  
  72  25:03  Pylon  
  72  25:06  Pylon  
  72  25:08  Probe  
  72  25:10  Pylon  
  73  25:18  Probe  
  73  25:20  Probe  
Tags
 
Add a new tag
Caveats
  • Supply blocks, unpowered buildings, or Contaminate may cause inaccurate times.
  • Supply counts are checked every 10 seconds.